 Dungeon Crawl Stone Soup version 0.21.1-1-g345015f (webtiles) character file.

327503 iamserjio the Acrobat (level 21, -1/161 (162) HPs)
             Began as an Octopode Monk on Apr 6, 2018.
             Was the Champion of Dithmenos.
             Splashed by an acid blob's acid (2 damage)
             ... created by the Royal Jelly
             ... on level 5 of the Pits of Slime on Apr 7, 2018.
             The game lasted 08:35:57 (65791 turns).

iamserjio the Acrobat (Octopode Monk)              Turns: 65791, Time: 08:35:58

HP:   -1/161 (162)  AC:  2    Str: 30 (31) XL:     21   Next: 67%
MP:   30/39         EV: 34    Int: 14      God:    Dithmenos [******]
Gold: 399           SH: 34    Dex: 32 (33) Spells: 22/30 levels left

rFire    . . .     SeeInvis .   W - +6 scimitar (slice)
rCold    + . .     Gourm    .   n - +18 shield of the Gong {rElec rN+ MR+ EV-5}
rNeg     + + +     Faith    .   O - +2 hat {MR+}
rPois    ∞         Spirit   .   h - amulet of Knowledge {+Rage rF+ MP+9 Dex+5}
rElec    +         Reflect  .   H - ring of Vanity {rC+ Str+6 Dex+4}
rCorr    +         Harm     .   U - ring "Toimepho" {rElec rPois Stlth+}
MR       +++++                  w - +3 ring of protection
Stlth    ++++++++++             l - +4 ring of dexterity
HPRegen  0.36/turn              J - +3 ring of strength
MPRegen  0.26/turn              P - ring of Vupigar {Wiz rN+ MR+}
                                g - ring "Boudghu" {rF- rN+ Str+5 Int+3 Stlth+}
                                X - ring of resist corrosion

@: mighty, shadow-form, corroded, wreathed by umbra, drained, invisible
A: almost no armour, stealthy swim, (amphibious), 8 rings, constrict 8, antennae
1, repulsion field 1, iridescent scales 1, yellow scales 1, camouflage 1, clumsy
1, deterioration 1, dopey 1, screaming 3, gelatinous body 1, no potion heal 1,
MP-powered wands
}: 2/15 runes: barnacled, gossamer
a: End Transformation, Shadow Step, Shadow Form, Renounce Religion, Evoke
Berserk Rage


You were on level 5 of the Pits of Slime.
You worshipped Dithmenos.
Dithmenos was exalted by your worship.
You were not hungry.
You were a swirling mass of dark shadows.
You visited 8 branches of the dungeon, and saw 40 of its levels.

You collected 3771 gold pieces.
You spent 3372 gold pieces at shops.

Inventory:

Hand Weapons
 a - the +6 dagger "Fomis" {pierce, MR+ Stlth+}
   (You found it on level 11 of the Dungeon)

   It inflicts extra damage upon your enemies.
   It affects your resistance to hostile enchantments.
   It makes you more stealthy.
 t - a +3 rapier of holy wrath
 T - a +1 quick blade of electrocution
 V - a +7 vampiric scimitar
 W - a +6 scimitar of slicing (weapon)
 Y - a +1 rapier of speed
Missiles
 j - 12 poisoned javelins (quivered)
Armour
 n - the +18 shield of the Gong (worn) {rElec rN+ MR+ EV-5}
   (You found it on level 1 of the Elven Halls)

   It affects your evasion (-5).
   It insulates you from electricity.
   It protects you from negative energy.
   It affects your resistance to hostile enchantments.
 O - a +2 hat of magic resistance (worn)
 R - a +1 shield of reflection
Jewellery
 c - an uncursed ring of see invisible
 g - the ring "Boudghu" (on tentacle) {rF- rN+ Str+5 Int+3 Stlth+}
   (You bought it in a shop on level 2 of the Orcish Mines)

   [ring of stealth]

   It affects your strength (+5).
   It affects your intelligence (+3).
   It makes you vulnerable to fire.
   It protects you from negative energy.
   It makes you more stealthy.
 h - the amulet of Knowledge (around mantle) {+Rage rF+ MP+9 Dex+5}
   (You bought it in a shop on level 2 of the Orcish Mines)

   [amulet of rage]

   It affects your dexterity (+5).
   It protects you from fire.
   It affects your magic capacity (+9).
   It lets you go berserk.
 l - a +4 ring of dexterity (on tentacle)
 w - a +3 ring of protection (on tentacle)
 H - the ring of Vanity (left tentacle) {rC+ Str+6 Dex+4}
   (You took it off a deep elf archer on level 3 of the Elven Halls)

   [ring of protection from cold]

   It affects your strength (+6).
   It affects your dexterity (+4).
   It protects you from cold.
 J - a +3 ring of strength (on tentacle)
 N - the ring "Decreten" {MR+ Stlth+}
   (You found it on level 3 of the Lair of Beasts)

   [ring of protection from magic]

   It affects your resistance to hostile enchantments.
   It makes you more stealthy.
 P - the ring of Vupigar (on tentacle) {Wiz rN+ MR+}
   (You bought it in a shop on level 6 of the Dungeon)

   [ring of wizardry]

   It improves your spell success rate.
   It protects you from negative energy.
   It affects your resistance to hostile enchantments.
 U - the ring "Toimepho" (right tentacle) {rElec rPois Stlth+}
   (You found it on level 11 of the Dungeon)

   [ring of poison resistance]

   It insulates you from electricity.
   It protects you from poison.
   It makes you more stealthy.
 X - a ring of resist corrosion (on tentacle)
Wands
 m - a wand of digging (24)
 Q - a wand of iceblast (30)
 Z - a wand of paralysis (23)
Scrolls
 d - a scroll of fear
 e - 6 scrolls of enchant armour
 f - a scroll of brand weapon
 i - 7 scrolls of fog
 k - 6 scrolls of teleportation
 u - 3 scrolls of amnesia
 v - 2 scrolls of vulnerability
 B - 7 scrolls of enchant weapon
 D - 7 scrolls of remove curse
Potions
 o - 6 potions of haste
 p - 2 potions of resistance
 q - 8 potions of ambrosia
 s - 8 potions of flight
 y - a potion of curing
 z - a potion of invisibility
 E - 5 potions of magic
Books
 r - a book of Beasts

   Spells                             Type                      Level
   a - Summon Butterflies             Summoning                    1
   b - Call Canine Familiar           Summoning                    3
   c - Summon Ice Beast               Ice/Summoning                4
   d - Summon Mana Viper              Hexes/Summoning              5
   e - Summon Hydra                   Summoning                    7
 x - a book of Transfigurations

   Spells                             Type                      Level
   a - Irradiate                      Conjuration/Transmutation    5
   b - Statue Form                    Transmutation/Earth          6
   c - Hydra Form                     Transmutation                6
   d - Dragon Form                    Transmutation                7
 C - the Reference Book on Supportive Displacement
   (You found it on level 1 of the Shoals)

   Spells                             Type                      Level
   a - Summon Butterflies             Summoning                    1
   b - Summon Small Mammal            Summoning                    1
   c - Apportation                    Translocation                1
   d - Recall                         Summoning/Translocation      3
   e - Lesser Beckoning               Translocation                3
   f - Force Lance                    Conjuration/Translocation    4
   g - Dispersal                      Translocation                6
 F - a book of Unlife

   Spells                             Type                      Level
   a - Recall                         Summoning/Translocation      3
   b - Animate Dead                   Necromancy                   4
   c - Borgnjor's Vile Clutch         Necromancy/Earth             5
   d - Death Channel                  Necromancy                   6
   e - Simulacrum                     Ice/Necromancy               6
 I - a book of the Warp

   Spells                             Type                      Level
   a - Gell's Gravitas                Translocation                3
   b - Portal Projectile              Hexes/Translocation          3
   c - Force Lance                    Conjuration/Translocation    4
   d - Dispersal                      Translocation                6
   e - Controlled Blink               Translocation                8
   f - Disjunction                    Translocation                8
 K - a book of Power

   Spells                             Type                      Level
   a - Iskenderun's Battlesphere      Conjuration/Charms           5
   b - Venom Bolt                     Conjuration/Poison           5
   c - Bolt of Magma                  Conjuration/Fire/Earth       5
   d - Iron Shot                      Conjuration/Earth            6
   e - Orb of Destruction             Conjuration                  7
   f - Spellforged Servitor           Conjuration/Summoning        7
 M - a book of Fire

   Spells                             Type                      Level
   a - Ignite Poison                  Fire/Transmutation/Poison    3
   b - Fireball                       Conjuration/Fire             5
   c - Bolt of Fire                   Conjuration/Fire             6
   d - Ring of Flames                 Charms/Fire                  7
   e - Ignition                       Fire                         8
   Dithmenos disapproves of the use of such an item.
Comestibles
 b - 19 rations


   Skills:
 * Level 19.4(18.8) Fighting
 + Level 14.2(13.7) Short Blades
 * Level 21.3(20.7) Dodging
 - Level 10.0(9.4) Stealth
 + Level 12.7(12.1) Shields
 - Level 5.0(4.5) Spellcasting
 - Level 4.0(3.5) Summonings
 - Level 12.3(11.8) Invocations


You had 22 spell levels left.
You knew the following spells:

 Your Spells              Type           Power        Failure   Level  Hunger
a - Call Canine Familiar  Summ           #.......     8%          3    ###....
b - Regeneration          Chrm/Necr      #.........   30%         3    ###....
c - Apportation           Tloc           #.....       11%         1    None
d - Confusing Touch       Hex            #.....       11%         1    None


Dungeon Overview and Level Annotations

Branches:
Dungeon (15/15)            Temple (1/1) D:6            Lair (6/6) D:9
 Shoals (4/4) Lair:2       Spider (4/4) Lair:2        Slime (5/5) Lair:5
    Orc (2/2) D:10            Elf (3/3) Orc:2        Vaults (0/5) D:13
 Depths (0/5) D:15

Altars:
Ashenzari
Cheibriados
Dithmenos
Elyvilon
Fedhas
Gozag
Hepliaklqana
Kikubaaqudgha
Makhleb
Nemelex Xobeh
Okawaru
Qazlal
Ru
Sif Muna
Trog
Uskayaw
Vehumet
Wu Jian
Xom
Yredelemnul
Zin
The Shining One
Beogh
Jiyva

Shops:
D:6 =   D:13 [   Orc:2 ===?   Elf:1 =   Shoals:1 (

Annotations:
D:14 buskinjo's ghost, journeyman OgFE
Lair:6 bmj180's ghost, journeyman MiFi
Slime:5 Royal Jelly


Innate Abilities, Weirdness & Mutations

You cannot wear most types of armour.
You are very stealthy in the water. (Stealth+)
((You are amphibious.))
You can wear up to eight rings at the same time.
You can use your tentacles to constrict eight enemies at once.
Your skin changes colour to match your surroundings (Stealth+).
Your rubbery body absorbs attacks. (AC +1, EV +1)
You have a pair of small antennae on your head.
You are surrounded by a mild repulsion field. (EV +2)
You are partially covered in iridescent scales. (AC +2)
You are partially covered in yellow scales. (AC +2)
You are clumsy. (Dex -2)
Your body sometimes deteriorates upon taking damage.
You are dopey. (Int -2)
You frequently scream uncontrollably at your foes.
Potions are less effective at restoring your health.
You expend magic power (3 MP) to strengthen your wands.


Message History

You scream at the azure jelly!
Okay, then.
Okay, then.
Unknown command.
Unknown command.
You turn into a swirling mass of dark shadows.
You feel drained.
You fade into the shadows.
You block the death ooze's attack.
SHROANNG!
You block the death ooze's attack.
GONNNNG!
You block the azure jelly's attack.
BONNNG!
You block the azure jelly's attack.
GONNNNG!
The azure jelly completely misses you. The azure jelly barely misses you.
The acid blob hits you!!
* * * LOW HITPOINT WARNING * * *
You emit a cloud of dark smoke.
You feel drained.
You are splashed with acid!
The acid burns!
You resist.
You die...

#...<............................
.................................
.................................
.................................
...............J.................
...............JJJ...............
............##{JJ#{#.............
............####J### ##..........
..........###[ #WJ# %## .........
.........###:$ ##J#?$$## ........
........###$)$##.§##$[!## .......
.......###%=$)(#.##)|$[$# #......
.......# #?()(##..##)))!# #......
........###[?#}##.#)#!)####......
.......#########..########.......
.......##...#........#...#.......
..........#...#.._.#...#.........


You could see the Royal Jelly, 2 acid blobs, 3 azure jellies and 3 death oozes.

Vanquished Creatures
  The ghost of aMcNicky the Axe Maniac, a veteran HOFi of Beogh (Slime:5)
  Bai Suzhen (Spider:4)
  Arachne (Spider:3)
  Jorgrun (Elf:3)
  Rupert (Lair:5)
  2 deep elf master archers (Elf:3)
  16 acid blobs
  Gastronok (D:9)
  2 deep elf blademasters (Elf:3)
  Ilsuiw (Shoals:4)
  12 azure jellies
  Donald (Spider:2)
  2 frost giants (Shoals:4)
  4 ghost moths
  4 deep elf sorcerers (Elf:3)
  An emperor scorpion (Spider:4)
  3 deep elf elementalists (Elf:3)
  A stone giant (Orc:1)
  6 deep elf demonologists
  4 entropy weavers
  Nessos (Lair:5)
  6 deep elf annihilators (Elf:3)
  3 spark wasps
  7 merfolk javelineers (Shoals:4)
  4 deep elf death magi (Elf:3)
  Josephine (Orc:2)
  4 deep elf high priests (Elf:3)
  10 merfolk impalers
  A death ooze (Slime:5)
  2 great orbs of eyes (Slime:4)
  Erolcha (Orc:1)
  6 hydras
  2 catoblepae
  5 merfolk aquamancers
  6 centaur warriors
  3 satyrs
  3 merfolk avatars
  3 alligator snapping turtles
  8 two-headed ogres
  A two-headed ogre (shapeshifter) (Elf:1)
  26 dancing weapons
  8 death yaks
  3 tengu warriors
  A queen ant (Spider:1)
  19 deep elf knights
  4 orc high priests
  The ghost of iamserjio the Nimble, a novice OpMo of Dithmenos (D:8)
  A glowing orange brain (D:15)
  13 deep elf archers
  8 sea snakes
  Pikel (D:8)
  6 orc knights
  20 harpies
  4 orc sorcerers
  59 deep elf magi
  8 ugly things
  9 shining eyes
  13 orb spiders
  16 manticores
  A moth of wrath (Spider:4)
  21 fauns
  4 cyclopes
  13 elephants
  31 wolf spiders
  3 black mambas
  10 merfolk sirens
  5 water nymphs
  Joseph (D:7)
  2 eyes of devastation (Slime:5)
  2 gargoyles
  9 spiny frogs
  4 torpor snails
  A rime drake (shapeshifter) (D:15)
  8 komodo dragons
  3 rime drakes
  A kobold demonologist (D:13)
  9 demonic crawlers
  7 trolls
  29 jumping spiders
  24 merfolk
  10 hornets
  A jumping spider (shapeshifter) (Elf:2)
  10 polar bears
  Prince Ribbit (D:7)
  124 slime creatures
  3 raiju (Lair:6)
  8 dream sheep
  8 blink frogs (Lair:3)
  11 hippogriffs
  8 wind drakes
  11 snapping turtles
  34 tarantellas
  A vampire (D:13)
  8 water elementals
  4 air elementals
  Sigmund (D:3)
  A spriggan (shapeshifter) (D:15)
  79 redbacks
  6 wyverns
  21 yaks
  2 fire elementals (Elf:1)
  9 wraiths
  3 basilisks
  A hog (shapeshifter) (D:15)
  2 steam dragons (Shoals:3)
  15 golden eyes
  2 hungry ghosts
  4 vampire mosquitoes (D:12)
  5 swamp worms (Lair:1)
  21 soldier ants (Spider:1)
  9 wargs
  2 acid dragons
  A water moccasin (shapeshifter) (D:15)
  14 hell hounds
  13 water moccasins
  23 orc warriors
  3 porcupines
  A slave (D:8)
  4 ice beasts
  12 black bears
  5 eyes of draining
  4 sky beasts
  3 phantoms
  18 ogres
  53 wolves
  9 centaurs
  6 big kobolds
  10 crocodiles
  16 bullfrogs
  A gnoll sergeant (D:11)
  A wyvern zombie (D:13)
  3 earth elementals
  A wyvern skeleton (D:11)
  3 scorpions
  14 killer bees
  16 howler monkeys
  3 wights (D:8)
  3 electric eels
  5 crimson imps
  4 bullfrog zombies
  6 centaur zombies
  A quasit (D:11)
  21 orc priests
  A gnoll shaman (D:5)
  12 hounds
  Crazy Yiuf (D:2)
  6 jellies
  A bullfrog skeleton (D:7)
  4 centaur skeletons
  18 orc wizards
  2 iguanas
  25 worker ants
  Terence (D:3)
  A hound zombie (D:6)
  A hound skeleton (D:7)
  2 worker ant zombies
  Robin (D:2)
  17 adders
  10 gnolls
  4 shadow imps
  2 adder zombies (D:2)
  2 oozes (Lair:5)
  2 adder skeletons (D:2)
  15 worms
  A dart slug (D:5)
  6 leopard geckos
  81 orcs
  7 giant cockroaches
  15 goblins
  5 hobgoblins (D:2)
  16 jackals
  19 kobolds
  3 quokkas
  4 ball pythons
  A ball python zombie (D:2)
  5 bats (D:1)
  5 frilled lizards
  A giant cockroach zombie (D:5)
  A leopard gecko skeleton (D:2)
  A leopard gecko zombie (D:6)
  2 quokka zombies
  8 rats
  2 crawling corpses (Elf:3)
  A plant (Lair:1)
1564 creatures vanquished.

Vanquished Creatures (others)
  A satyr (Shoals:3)
  A merfolk aquamancer (Shoals:4)
  2 deep elf archers (Elf:1)
  A deep elf mage (Elf:3)
  A komodo dragon (Lair:5)
  A jumping spider (Spider:4)
  3 tarantellas
  3 slaves (D:8)
  A worker ant (D:8)
  An adder (D:8)
  A jackal (D:8)
  A bush (Lair:6)
  23 fungi
  35 plants
75 creatures vanquished.

Grand Total: 1639 creatures vanquished

Notes
Turn   | Place    | Note
-------+----------+-------------------------------------------
     0 | D:1      | iamserjio the Octopode Monk began the quest for the Orb.
     0 | D:1      | Reached XP level 1. HP: 16/16 MP: 1/1
   101 | D:1      | Reached XP level 2. HP: 21/21 MP: 2/2
   661 | D:2      | Reached XP level 3. HP: 22/26 MP: 3/3
   903 | D:3      | Reached XP level 4. HP: 30/31 MP: 4/4
   957 | D:2      | Noticed Robin
  1060 | D:2      | Killed Robin
  1935 | D:2      | Reached skill level 4 in Dodging
  1935 | D:2      | Reached XP level 5. HP: 36/37 MP: 5/5
  2097 | D:2      | Found a runed door.
  2102 | D:2      | Noticed Crazy Yiuf
  2106 | D:2      | Killed Crazy Yiuf
  2202 | D:3      | Reached XP level 6. HP: 43/43 MP: 6/6
  2246 | D:3      | Noticed Terence
  2253 | D:3      | Killed Terence
  2258 | D:3      | Reached skill level 5 in Stealth
  2660 | D:3      | Noticed Sigmund
  2868 | D:3      | Killed Sigmund
  2868 | D:3      | Reached skill level 5 in Dodging
  2977 | D:3      | Reached XP level 7. HP: 34/49 MP: 7/7
  3194 | D:4      | HP: 2/49 [ogre/giant club (22)]
  3518 | D:4      | Reached skill level 6 in Dodging
  3528 | D:4      | Reached skill level 5 in Fighting
  3747 | D:5      | Entered Level 5 of the Dungeon
  4387 | D:4      | Reached XP level 8. HP: 44/56 MP: 8/8
  4959 | D:5      | Reached skill level 7 in Dodging
  5305 | D:5      | HP: 1/57 [gnoll/spear (11)]
  5683 | D:6      | Reached skill level 8 in Dodging
  6009 | D:6      | Found a sparkling altar of Nemelex Xobeh.
  6865 | D:6      | Found a staircase to the Ecumenical Temple.
  6875 | Temple   | Entered the Ecumenical Temple
  7218 | D:6      | Found Leeress's Jewellery Shop.
  7240 | D:6      | Bought a +3 ring of strength for 188 gold pieces
  7345 | D:7      | Reached XP level 9. HP: 63/63 MP: 9/9
  7358 | D:7      | Found a bloodstained altar of Trog.
  7383 | D:7      | Reached skill level 9 in Dodging
  7383 | D:7      | Reached skill level 1 in Shields
  7404 | D:7      | Found a basalt altar of Yredelemnul.
  7423 | D:7      | Noticed Prince Ribbit
  7435 | D:7      | Killed Prince Ribbit
  7481 | D:7      | Found a glowing golden altar of the Shining One.
  7717 | D:8      | Noticed Pikel
  7731 | D:8      | Killed Pikel
  7731 | D:8      | Reached skill level 10 in Dodging
  7894 | D:7      | Found an ancient bone altar of Kikubaaqudgha.
  7901 | D:7      | Found a hide-covered altar of Uskayaw.
  7911 | D:7      | Found an ornate altar of the Wu Jian Council.
  7924 | D:7      | Noticed Joseph
  7934 | D:7      | Killed Joseph
  7934 | D:7      | Reached XP level 10. HP: 44/72 MP: 10/10
  8261 | D:7      | Found Medi's Serpentskin Sales.
  8500 | D:8      | Found a shadowy altar of Dithmenos.
  8514 | D:8      | Became a worshipper of Dithmenos the Shadowed
  8514 | D:8      | Reached * piety under Dithmenos
  8514 | D:8      | Reached ** piety under Dithmenos
  8574 | D:8      | Reached skill level 11 in Dodging
  8832 | D:8      | Noticed a two-headed ogre
  8834 | D:8      | Noticed a two-headed ogre
  9191 | D:8      | Killed a two-headed ogre
  9191 | D:8      | Reached skill level 5 in Shields
  9199 | D:8      | Killed a two-headed ogre
  9526 | D:8      | Noticed iamserjio's ghost (novice OpMo)
  9529 | D:8      | Noticed a two-headed ogre
  9573 | D:8      | Killed a two-headed ogre
  9573 | D:8      | Reached skill level 12 in Dodging
  9573 | D:8      | Reached XP level 11. HP: 48/80 MP: 11/11
 10088 | D:9      | Found a staircase to the Lair.
 10235 | D:8      | Killed iamserjio's ghost
 10235 | D:8      | Reached skill level 1 in Invocations
 10634 | D:10     | Entered Level 10 of the Dungeon
 10779 | D:9      | Reached *** piety under Dithmenos
 11228 | D:9      | Noticed Gastronok
 11356 | D:9      | HP: 2/80 [Gastronok/the air (27)]
 12083 | D:9      | Gained mutation: Your body sometimes deteriorates upon taking damage. [potion of mutation]
 12083 | D:9      | Gained mutation: You are partially covered in iridescent scales. (AC +2) [potion of mutation]
 12083 | D:9      | Gained mutation: You are surrounded by a mild repulsion field. (EV +2) [potion of mutation]
 12083 | D:9      | Gained mutation: You are partially covered in yellow scales. (AC +2) [potion of mutation]
 12096 | D:9      | Killed Gastronok
 12570 | D:10     | Found a staircase to the Orcish Mines.
 12865 | D:11     | Got a crystal dagger
 13306 | Orc:1    | Entered Level 1 of the Orcish Mines
 13312 | Orc:2    | Entered Level 2 of the Orcish Mines
 13354 | Orc:2    | Reached skill level 1 in Spellcasting
 13380 | Orc:2    | Noticed Josephine
 13402 | Orc:1    | Reached **** piety under Dithmenos
 13434 | Orc:1    | Noticed an orc knight
 13506 | D:10     | Identified the +6 dagger "Fomis" {pierce, MR+ Stlth+} (You found it on level 11 of the Dungeon)
 13640 | D:11     | Reached skill level 13 in Dodging
 13653 | D:11     | Reached XP level 12. HP: 80/87 MP: 2/14
 13866 | D:11     | Reached skill level 10 in Fighting
 14093 | D:11     | Got a pitted platinum ring
 14115 | D:11     | Identified the ring "Toimepho" {rElec rPois Stlth+} (You found it on level 11 of the Dungeon)
 14170 | D:11     | Noticed a two-headed ogre
 14177 | D:11     | Killed a two-headed ogre
 14372 | Orc:1    | Noticed a stone giant
 14646 | Lair:1   | Entered Level 1 of the Lair of Beasts
 14824 | Lair:1   | Noticed an eight-headed hydra
 14840 | Lair:1   | Killed an eight-headed hydra
 14840 | Lair:1   | Reached skill level 5 in Invocations
 14986 | Lair:2   | You fall through a shaft for 2 floors!
 14999 | Lair:4   | Reached ***** piety under Dithmenos
 15289 | Lair:4   | Reached skill level 5 in Short Blades
 15507 | Lair:4   | Noticed a four-headed hydra
 15518 | Lair:4   | Killed a four-headed hydra
 15596 | Lair:3   | Reached XP level 13. HP: 93/93 MP: 18/18
 15603 | Lair:3   | Reached skill level 14 in Dodging
 15661 | Lair:3   | Found a dark tunnel.
 15841 | Lair:3   | Got a twitching bronze ring
 15846 | Lair:3   | Identified the ring "Decreten" {MR+ Stlth+} (You found it on level 3 of the Lair of Beasts)
 16094 | Lair:3   | Got a smoking hunting sling
 16099 | Lair:3   | Identified the +9 hunting sling of Resourcefulness {venom, rN+ Dex-4 SInv} (You found it on level 3 of the Lair of Beasts)
 16334 | Lair:2   | Found a hole to the Spider Nest.
 16771 | Lair:2   | Found a staircase to the Shoals.
 17658 | Lair:1   | Got a brightly glowing dire flail
 17832 | Lair:4   | Reached ****** piety under Dithmenos
 17832 | Lair:4   | Reached skill level 5 in Spellcasting
 18189 | Lair:5   | Identified the +7 dire flail "Saol" {flame, Str+3} (You found it on level 1 of the Lair of Beasts)
 18238 | Lair:5   | Learned a level 3 spell: Call Canine Familiar
 18451 | Lair:5   | Noticed Rupert
 18500 | Lair:6   | Entered Level 6 of the Lair of Beasts
 18526 | Lair:5   | Found a staircase to the Slime Pits.
 18530 | Lair:5   | Noticed Nessos
 18748 | Lair:5   | Killed Nessos
 18993 | Lair:5   | Reached XP level 14. HP: 85/101 MP: 21/21
 19121 | Lair:6   | Reached skill level 1 in Summonings
 19465 | Lair:5   | Killed Rupert
 19465 | Lair:5   | Reached skill level 15 in Dodging
 21470 | Lair:6   | Noticed bmj180's ghost (journeyman MiFi)
 23163 | D:6      | Bought the ring of Vupigar {Wiz rN+ MR+} for 561 gold pieces
 23163 | D:6      | Bought an uncursed ring of resist corrosion for 240 gold pieces
 23358 | Spider:1 | Entered Level 1 of the Spider Nest
 24099 | Spider:1 | Reached XP level 15. HP: 83/108 MP: 22/22
 24984 | Spider:2 | Noticed Donald
 24993 | Spider:2 | Killed Donald
 25417 | Spider:2 | Reached skill level 16 in Dodging
 25772 | Spider:4 | Entered Level 4 of the Spider Nest
 26048 | Spider:3 | Reached skill level 10 in Short Blades
 26061 | Spider:3 | Noticed an emperor scorpion
 28001 | Slime:1  | Entered Level 1 of the Pits of Slime
 28001 | Slime:1  | Noticed an acid blob
 28005 | Slime:1  | Noticed an acid blob
 28005 | Slime:1  | Noticed an acid blob
 28005 | Slime:1  | Noticed an azure jelly
 28011 | Slime:1  | Killed an acid blob
 29257 | Shoals:1 | Entered Level 1 of the Shoals
 29257 | Shoals:1 | Found Etohakuq's Weapon Boutique.
 31035 | D:13     | Reached XP level 16. HP: 117/117 MP: 23/23
 31203 | D:13     | Found a gate to the Vaults.
 31270 | D:13     | Reached skill level 10 in Invocations
 31571 | D:13     | Found Eceimoe's Armour Shop.
 32355 | D:14     | Noticed buskinjo's ghost (journeyman OgFE)
 32487 | D:15     | Entered Level 15 of the Dungeon
 32544 | D:15     | Found a white marble altar of Elyvilon.
 32697 | D:15     | Reached skill level 17 in Dodging
 32743 | D:15     | Found a staircase to the Depths.
 34177 | Orc:1    | Found a roughly hewn altar of Beogh.
 34501 | Orc:1    | Noticed Erolcha
 34513 | Orc:1    | Killed Erolcha
 34856 | Orc:2    | Killed Josephine
 36019 | Orc:2    | Found Fisir's Magic Scroll Boutique.
 36019 | Orc:2    | Found Ajaodinif's Jewellery Shoppe.
 36021 | Orc:2    | Found Xirutt's Jewellery Shoppe.
 36021 | Orc:2    | Found Tedise's Jewellery Boutique.
 36118 | Orc:2    | Found a staircase to the Elven Halls.
 36131 | Elf:1    | Entered Level 1 of the Elven Halls
 36428 | Elf:1    | Reached skill level 10 in Shields
 36428 | Elf:1    | Reached XP level 17. HP: 126/126 MP: 25/25
 36651 | Elf:1    | Found the +18 shield of the Gong {rElec rN+ MR+ EV-5}
 37450 | Elf:1    | Reached skill level 15 in Fighting
 37713 | Elf:1    | Found Redah's Jewellery Emporium.
 37927 | Elf:3    | Entered Level 3 of the Elven Halls
 38209 | Elf:2    | Reached skill level 18 in Dodging
 38218 | Elf:2    | Found a runed gate.
 38218 | Elf:2    | Found a runed gate.
 38219 | Elf:2    | Found a runed gate.
 39281 | Orc:2    | Bought an uncursed ring of see invisible for 180 gold pieces
 39281 | Orc:2    | Bought the ring "Boudghu" {rF- rN+ Str+5 Int+3 Stlth+} for 462 gold pieces
 39285 | Orc:2    | Bought the amulet of Knowledge {+Rage rF+ MP+9 Dex+5} for 834 gold pieces
 39288 | Orc:2    | Bought a scroll of enchant armour for 97 gold pieces
 39288 | Orc:2    | Bought a scroll of teleportation for 39 gold pieces
 41079 | Spider:3 | Reached XP level 18. HP: 59/135 MP: 26/26
 42159 | Spider:4 | Paralysed by a hornet for 2 turns
 43156 | Spider:4 | Noticed Bai Suzhen
 44922 | Spider:4 | Noticed Arachne
 44948 | Spider:4 | Killed Bai Suzhen
 46920 | Spider:4 | Got a gossamer rune of Zot
 47152 | Spider:3 | Killed Arachne
 48129 | Orc:2    | Bought a scroll of remove curse for 39 gold pieces
 48129 | Orc:2    | Bought a scroll of identify for 26 gold pieces
 48129 | Orc:2    | Bought a scroll of enchant weapon for 97 gold pieces
 49031 | Elf:2    | Reached skill level 19 in Dodging
 49965 | Elf:3    | Noticed Jorgrun
 49970 | Elf:3    | Killed Jorgrun
 50133 | Elf:3    | Noticed an Ice Fiend
 50142 | Elf:3    | Reached skill level 10 in Stealth
 50332 | Elf:3    | Reached XP level 19. HP: 143/143 MP: 28/28
 51835 | Elf:3    | Got a twitching gossamer ring
 52505 | Elf:3    | Identified the ring of Vanity {rC+ Str+6 Dex+4} (You took it off a deep elf archer on level 3 of the Elven Halls)
 52951 | Elf:3    | Learned a level 3 spell: Regeneration
 53377 | Elf:1    | Bought the ring of Iqaxuf {*Tele +Fly MR+++ MP-9 Int+5} for 252 gold pieces
 53513 | Orc:2    | Bought a scroll of vulnerability for 97 gold pieces
 53513 | Orc:2    | Bought a scroll of brand weapon for 260 gold pieces
 54288 | Shoals:2 | Reached skill level 20 in Dodging
 54445 | Shoals:1 | Reached XP level 20. HP: 153/153 MP: 29/29
 54557 | Shoals:1 | Identified the Reference Book on Supportive Displacement
 54995 | Shoals:4 | Entered Level 4 of the Shoals
 55199 | Shoals:3 | Learned a level 1 spell: Apportation
 55201 | Shoals:3 | Learned a level 1 spell: Confusing Touch
 56311 | Shoals:4 | Noticed Ilsuiw
 56320 | Shoals:4 | Killed Ilsuiw
 57661 | Shoals:4 | Got a barnacled rune of Zot
 58821 | Lair:5   | HP: 6/154 [acid (3)]
 60425 | Slime:1  | Reached XP level 21. HP: 81/161 MP: 28/30
 61777 | Slime:3  | Reached skill level 21 in Dodging
 61892 | Slime:3  | Gained mutation: You occasionally shout uncontrollably at your foes. [a shining eye]
 61894 | Slime:3  | Gained mutation: You are clumsy. (Dex -2) [a shining eye]
 61897 | Slime:3  | Gained mutation: You are dopey. (Int -2) [a shining eye]
 61898 | Slime:3  | Found a viscous altar of Jiyva.
 62407 | Slime:5  | Entered Level 5 of the Pits of Slime
 62416 | Slime:5  | Noticed aMcNicky's ghost (veteran HOFi)
 63237 | Slime:5  | Gained mutation: Potions are less effective at restoring your health. [a shining eye]
 63985 | Slime:5  | Gained mutation: You expend magic power (3 MP) to strengthen your wands. [a shining eye]
 63987 | Slime:5  | Gained mutation: You have a pair of small antennae on your head. [a shining eye]
 64910 | Slime:5  | Killed aMcNicky's ghost
 65330 | Slime:5  | Noticed the Royal Jelly
 65402 | Slime:4  | Gained mutation: You sometimes yell uncontrollably at your foes. [a shining eye]
 65403 | Slime:4  | Gained mutation: You frequently scream uncontrollably at your foes. [a shining eye]
 65538 | Slime:5  | Found a viscous altar of Jiyva.
 65540 | Slime:5  | Found the +9 staff of Olgreb {rPois}
 65791 | Slime:5  | HP: 1/161 [acid blob[the Royal Jelly] (12)]
 65791 | Slime:5  | Splashed by an acid blob's acid

Skill      XL: |  1  2  3  4  5  6  7  8  9 10 11 12 13 14 15 16 17 18 19 20 21 |
---------------+----------------------------------------------------------------+-----
Stealth        | 3 4 5 6 7 8 9 10 | 10.0
Dodging        | 4 5 6 8 10 12 13 14 15 16 17 18 19 20 21 | 21.3
Fighting       | 4 5 6 7 9 10 11 12 13 14 15 16 17 18 19 | 19.4
Shields        | 3 6 7 8 10 11 12 | 12.7
Invocations    | 3 5 7 8 9 10 11 12 | 12.3
Short Blades   | 4 5 8 9 10 11 12 13 14 | 14.2
Spellcasting   | 1 3 5 |  5.0
Summonings     | 4 |  4.0

Action                   |  1- 3 |  4- 6 |  7- 9 | 10-12 | 13-15 | 16-18 | 19-21 || total
-------------------------+-------+-------+-------+-------+-------+-------+-------++-------
Melee: Short sword       |    38 |    66 |       |       |       |       |       ||   104
       Constrict         |     9 |    31 |    58 |   111 |   210 |   274 |   173 ||   866
       Tentacles         |     4 |    31 |    70 |   211 |   598 |   813 |   928 ||  2655
       Dagger            |       |    41 |   263 |   694 |  1870 |  2247 |  1111 ||  6226
       Flail             |       |       |       |    26 |       |       |       ||    26
       Scimitar          |       |       |       |       |       |       |   375 ||   375
       Quick blade       |       |       |       |       |       |       |    51 ||    51
       Rapier            |       |       |       |       |       |       |   178 ||   178
 Fire: Hunting sling     |       |       |       |    15 |       |       |       ||    15
Throw: Javelin           |       |       |       |       |       |       |     1 ||     1
 Cast: Call Canine Famil |       |       |       |       |     6 |       |       ||     6
Invok: Shadow Form       |       |       |       |       |       |     2 |     2 ||     4
       Shadow Step       |       |       |       |       |       |     2 |       ||     2
Evoke: Wand              |       |       |       |    16 |     1 |     3 |     5 ||    25
       Lightning rod     |       |       |       |       |     1 |       |       ||     1
  Use: Scroll            |       |       |    12 |     4 |    22 |    19 |    15 ||    72
       Potion            |       |       |     2 |     4 |    13 |     9 |     9 ||    37
 Stab: Sleeping          |    10 |    12 |    22 |    61 |    90 |    99 |    63 ||   357
       Distracted        |       |       |       |     5 |     9 |    16 |    30 ||    60
       Invisible         |       |       |       |       |       |    14 |     6 ||    20
  Eat: Chunk             |       |     5 |    10 |    44 |    25 |    20 |    26 ||   130
       Ration            |       |       |     2 |     1 |     5 |    12 |     8 ||    28
Armor: Skin              |     8 |     3 |    11 |    44 |   132 |   130 |    55 ||   383
Dodge: Dodged            |    21 |    42 |   164 |   520 |  1313 |  1654 |  1071 ||  4785
Block: Buckler           |       |       |    10 |   275 |   887 |   579 |       ||  1751
       Reflection        |       |       |       |       |     3 |    28 |    48 ||    79
       Shield            |       |       |       |       |       |   654 |  1034 ||  1688
       Rpst.: Scimitar   |       |       |       |       |       |       |   124 ||   124
